 Dungeon Crawl Stone Soup version 0.26-a0-668-gd58323b419 (webtiles) character file.

Game seed: 3119636979918590512

2921 imWUMPUS the Covert (level 9, -3/47 HPs)
             Began as a Spriggan Enchanter on Oct 19, 2020.
             Was a Believer of Dithmenos.
             Slain by Gastronok (21 damage)
             ... on level 8 of the Dungeon.
             The game lasted 00:31:17 (12305 turns).

imWUMPUS the Covert (Spriggan Enchanter)           Turns: 12305, Time: 00:31:18

Health: -3/47      AC:  2    Str:  5    XL:     9   Next: 50%
Magic:  15/19      EV: 20    Int: 19    God:    Dithmenos [**....]
Gold:   907        SH:  0    Dex: 16    Spells: 11/20 levels left

rFire    . . .     SeeInvis +   v - +2 dagger (venom)
rCold    . . .     Faith    .   (shield restricted)
rNeg     . . .     Spirit   .   b - +0 robe
rPois    .         Reflect  .   (helmet restricted)
rElec    .         Harm     .   (no cloak)
rCorr    .         Rampage  .   (gloves unavailable)
MR       +....                  (boots unavailable)
Stlth    ++++++....             (no amulet)
HPRegen  0.15/turn              (no ring)
MPRegen  0.16/turn              (no ring)

@: wreathed by umbra, very quick
A: very small, unfitting armour, see invisible, speed 3
a: Shadow Step, Renounce Religion


You were on level 8 of the Dungeon.
You worshipped Dithmenos.
Dithmenos was pleased with you.
You visited 2 branches of the dungeon, and saw 9 of its levels.

You collected 907 gold pieces.

Inventory:

Hand Weapons
 o - a +1 short sword of electrocution
 v - a +2 dagger of venom (weapon)
Missiles
 f - 64 poisoned darts (quivered)
 q - 5 curare-tipped darts
Armour
 b - a +0 robe (worn)
Jewellery
 h - an uncursed ring of resist corrosion {unknown}
 u - an uncursed ring of positive energy {unknown}
 A - an uncursed ring of stealth {unknown}
 F - the amulet of the Traitor {Spirit rN+ Str+2 Int+4 Slay+2, unknown}
   (You found it on level 7 of the Dungeon)

   [amulet of guardian spirit]

   It causes incoming damage to be split between your health and magic.
   It affects your strength (+2).
   It affects your intelligence (+4).
   It affects your accuracy and damage with ranged weapons and melee attacks
   (+2).
   It protects you from negative energy.
 H - a +6 ring of dexterity {unknown}
 K - a cursed ring of teleportation {unknown}
Wands
 t - a wand of polymorph (9)
 z - a wand of enslavement (18)
 E - a wand of random effects (41)
 I - a wand of acid (11)
Scrolls
 a - a scroll of fear {unknown}
 e - 7 scrolls of identify {unknown}
 i - 5 scrolls of immolation {unknown}
 k - 5 scrolls of remove curse {unknown}
 l - 3 scrolls of teleportation {unknown}
 m - 2 scrolls of enchant weapon {unknown}
 r - a scroll of noise {unknown}
 w - a scroll of amnesia {unknown}
 y - 2 scrolls of magic mapping {unknown}
 B - 2 scrolls of fog {unknown}
 D - a scroll of acquirement {unknown}
Potions
 c - 2 potions of brilliance {unknown}
 d - a potion of berserk rage {unknown}
 g - 5 potions of heal wounds {unknown}
 j - 4 potions of curing {unknown}
 n - a potion of stabbing {unknown}
 p - 2 potions of flight {unknown}
 s - 4 potions of magic {unknown}
 x - 2 potions of lignification {unknown}
 C - a potion of ambrosia {unknown}
 J - a potion of invisibility {unknown}
Miscellaneous
 G - a phial of floods


   Skills:
 + Level 5.3 Fighting
 + Level 6.0 Short Blades
 + Level 4.5 Dodging
 + Level 10.7 Stealth
 - Level 6.0 Spellcasting
 - Level 8.0 Hexes


You had 11 spell levels left.
You knew the following spells:

 Your Spells              Type           Power        Failure   Level
a - Corona                Hex            #####..      1%          1
b - Ensorcelled Hibernat  Hex/Ice        ###...       3%          2
c - Confusing Touch       Hex            #####...     1%          3
d - Dazzling Flash        Conj/Hex       ###...       6%          3

Your spell library contained the following spells:

 Spells                   Type           Power        Failure   Level
 Tukima's Dance           Hex            #####...     1%          3
 Sublimation of Blood     Necr           #.........   17%         2
 Ignite Poison            Fire/Tmut/Pois #.......     32%         3
 Silence                  Hex/Air        ###.......   52%         5
 Petrify                  Tmut/Erth      #.......     73%         4
 Summon Lightning Spire   Summ/Air       #.......     73%         4
 Alistair's Intoxication  Tmut/Pois      #........    97%         5
 Irradiate                Conj/Tmut      #.........   97%         5
 Conjure Ball Lightning   Conj/Air       #.........   100%        6
 Eringya's Noxious Bog    Tmut/Pois      #.........   100%        6
 Tornado                  Air            #.........   100%        9


Dungeon Overview and Level Annotations

Branches:
Dungeon (8/15)             Temple (1/1) D:5
   Lair: D:8-11

Altars:
Ashenzari
Cheibriados
Dithmenos
Elyvilon
Fedhas
Gozag
Hepliaklqana
Kikubaaqudgha
Makhleb
Nemelex Xobeh
Okawaru
Qazlal
Ru
Sif Muna
Trog
Uskayaw
Vehumet
Wu Jian
Xom
Yredelemnul
Zin
The Shining One

Shops:
D:5 !   D:6 (

Annotations:
D:8 Gastronok


Innate Abilities, Weirdness & Mutations

You are very small and have problems with some larger weapons.
You are too small for most types of armour.
You have supernaturally acute eyesight. (SInv)
You cover ground extremely quickly.


Message History

You hit Gastronok but do no damage.
Gastronok appears confused.
Gastronok bites you!!
Ouch! That really hurt!
You hit Gastronok but do no damage.
Gastronok is poisoned.
Casting: Ensorcelled Hibernation (safe; 3% risk of failure)
Confirm with . or Enter, or press ? or * to list all spells.
Aiming: Ensorcelled Hibernation (safe; 3% risk of failure)
Press: ? - help, Shift-Dir - straight line, f - you, p - Gastronok That would be overly suicidal.
Okay, then.
You hit Gastronok but do no damage.
Gastronok looks even sicker.
You catch the helpless Gastronok completely off-guard!
You impale Gastronok!!
Gastronok looks as sick as possible!
Gastronok is moderately wounded.
You hit Gastronok but do no damage.
Gastronok looks as sick as possible!
Gastronok is moderately wounded.
You hit Gastronok.
Gastronok looks as sick as possible!
Gastronok is moderately wounded.
Gastronok bites you!!
You die...

#........# #.######)#
#######[#...##.# .
..........#.##.# #
#######.#.#.##.# #
#.#.#.##.# # #.#.#.##.#
# #.#.#.##.#######
#########.#.#.##@.......
..........#.#...w#######
............######
......#####.#
..........#.#
####..###.#.#####
...#..###.#.#...#
##..........#.#.#
#########.###.#.#


You could see Gastronok (confused, extremely poisoned).

Vanquished Creatures
  2 trolls (D:7)
  Menkaure (D:7)
  A water moccasin (D:7)
  2 ice beasts
  2 sky beasts (D:7)
  2 ogres
  2 centaurs
  A big kobold (D:7)
  4 bullfrogs
  2 scorpions
  4 wights (D:6)
  A howler monkey (D:6)
  A crimson imp (D:4)
  A quasit (D:8)
  A hound (D:8)
  3 jellies
  2 orc priests (D:4)
  A bullfrog skeleton (D:7)
  An iguana (D:7)
  4 orc wizards
  6 worker ants
  A killer bee zombie (D:7)
  2 hound skeletons
  A hound zombie (D:5)
  A gnoll (D:1)
  12 adders
  2 shadow imps
  2 white imps (D:5)
  An ufetubus (D:5)
  2 oozes (D:2)
  3 adder skeletons
  2 worms
  4 dart slugs
  2 leopard geckos
  13 orcs
  A ball python (D:5)
  5 bats
  7 giant cockroaches
  6 goblins
  6 hobgoblins
  15 jackals
  16 kobolds
  5 quokkas
  10 frilled lizards
  2 goblin zombies (D:4)
  4 hobgoblin zombies (D:4)
  A jackal zombie (D:7)
  2 kobold skeletons (D:4)
  4 kobold zombies (D:4)
  2 orc zombies (D:4)
  5 rats
183 creatures vanquished.

Vanquished Creatures (others)
  7 plants (D:5)
7 creatures vanquished.

Grand Total: 190 creatures vanquished

Notes
Turn   | Place    | Note
-------+----------+-------------------------------------------
     0 | D:1      | imWUMPUS the Spriggan Enchanter began the quest for the
                  | Orb.
     0 | D:1      | Reached XP level 1. HP: 9/9 MP: 5/5
   667 | D:1      | Reached XP level 2. HP: 11/14 MP: 6/6
   973 | D:1      | Learned a level 2 spell: Ensorcelled Hibernation
  1100 | D:1      | Reached skill level 1 in Fighting
  1290 | D:1      | Reached XP level 3. HP: 18/18 MP: 0/8
  1519 | D:1      | Reached skill level 5 in Stealth
  2416 | D:2      | Reached XP level 4. HP: 22/22 MP: 6/10
  2528 | D:2      | Learned a level 3 spell: Confusing Touch
  2705 | D:2      | Found a glowing silver altar of Zin.
  3103 | D:2      | Reached XP level 5. HP: 20/26 MP: 4/11
  3388 | D:2      | Found a hazy altar of Hepliaklqana.
  3543 | D:3      | Found a glowing golden altar of the Shining One.
  3571 | D:3      | Found a sacrificial altar of Ru.
  3624 | D:3      | Found an iron altar of Okawaru.
  4649 | D:4      | Reached skill level 6 in Stealth
  4687 | D:4      | Found a glowing golden altar of the Shining One.
  4709 | D:4      | Reached skill level 5 in Hexes
  4711 | D:4      | Reached XP level 6. HP: 23/30 MP: 8/13
  5591 | D:5      | Entered Level 5 of the Dungeon
  5870 | D:5      | Found a staircase to the Ecumenical Temple.
  6107 | D:5      | Found Muvoh's Distillery.
  6141 | Temple   | Entered the Ecumenical Temple
  6400 | Temple   | Became a worshipper of Dithmenos the Shadowed
  7008 | D:5      | Reached skill level 5 in Spellcasting
  7199 | D:5      | Found a bloodstained altar of Trog.
  7327 | D:5      | Found a blossoming altar of Fedhas.
  7530 | D:5      | HP: 1/32 [phantom (9)]
  7993 | D:5      | Reached skill level 7 in Stealth
  7993 | D:5      | Reached XP level 7. HP: 35/35 MP: 12/15
  8683 | D:6      | Found a shimmering blue altar of Sif Muna.
  8702 | D:6      | Learned a level 3 spell: Dazzling Flash
  8728 | D:6      | Reached * piety under Dithmenos
  9892 | D:6      | Found a stormy altar of Qazlal.
  9936 | D:6      | Reached skill level 8 in Stealth
  9936 | D:6      | Reached XP level 8. HP: 40/40 MP: 14/17
  9957 | D:6      | Found Cene's Weapon Boutique.
 10189 | D:7      | Noticed Menkaure
 10196 | D:7      | Killed Menkaure
 10696 | D:7      | Found an opulent altar of Gozag.
 10700 | D:7      | Reached skill level 9 in Stealth
 11054 | D:7      | Noticed a troll
 11054 | D:7      | Noticed a troll
 11058 | D:7      | Killed a troll
 11058 | D:7      | Reached skill level 5 in Short Blades
 11058 | D:7      | Reached XP level 9. HP: 46/46 MP: 19/19
 11076 | D:7      | Killed a troll
 11076 | D:7      | Reached ** piety under Dithmenos
 11076 | D:7      | Reached skill level 10 in Stealth
 11245 | D:7      | Reached skill level 5 in Fighting
 11265 | D:7      | Got a coiled bone amulet
 12289 | D:8      | Noticed Gastronok
 12305 | D:8      | Slain by Gastronok

Illustrated notes

Levels and vault maps discovered:
D:1:      beargit_arrival_greenhouse, layout_basic
D:2:      layout_loops_cross, lemuel_coloured_pillars_altar, zin_scriptorium
D:3:      corexii_shack_village, layout_basic, overflow_temple_1_default,
          lemuel_doored_altar, nicolae_ru_awakened_eye
D:4:      layout_cave_pools, minmay_misc_feat_rows, nicolae_tso_besieged_by_evil
D:5:      minmay_polygon_palace, layout_layer_cave, lemuel_round_altar,
          minmay_temple_entry_gardened_gates, serial_shops, shop, trog_book
D:6:      layout_loops_ring, kennysheep_mini, serial_shops,
          kennysheep_little_box, led_sif_book
D:7:      minmay_the_grid_triangle_9x9_recursive_2
          [minmay_the_grid_triangle_9x9_prize_top_heavy,
          minmay_the_grid_triangle_9x9_impossible_snake,
          minmay_the_grid_triangle_9x9_alien,
          minmay_the_grid_triangle_9x9_minimal], layout_basic,
          nicolae_gozag_seed_capital, uniq_menkaure
D:8:      black_bear_nest_2, layout_basic, basic_altar,
          nicolae_qazlal_eye_of_the_storm, uniq_gastronok, uniq_pikel
Temple:   dpeg_chambers_temple

Skill      XL: |  1  2  3  4  5  6  7  8  9 |
---------------+----------------------------+-----
Spellcasting   | 3 4 5 6 |  6.0
Fighting       | 1 2 3 4 5 |  5.3
Hexes          | 4 5 6 7 8 |  8.0
Stealth        | 5 6 7 8 9 10 | 10.7
Short Blades   | 3 5 6 |  6.0
Dodging        | 4 |  4.5

Action                   |  1- 3 |  4- 6 |  7- 9 || total
-------------------------+-------+-------+-------++-------
Melee: Dagger            |   137 |   206 |   251 ||   594
 Cast: Corona            |    21 |     2 |     1 ||    24
       Ensorcelled Hiber |    21 |    50 |    15 ||    86
       Confusing Touch   |       |    13 |    22 ||    35
       Dazzling Flash    |       |       |    14 ||    14
 Stab: Sleeping          |    18 |    43 |    28 ||    89
       Distracted        |       |     4 |     1 ||     5
       Confused          |       |     6 |    12 ||    18
Armor: Robe              |    17 |    11 |     8 ||    36
Dodge: Dodged            |   174 |   154 |   153 ||   481

Table legend: (Time is in decaauts)
 A = Elapsed time spent in this place.
 B = Non-inter-level travel time spent in this place.
 C = Inter-level travel time spent in this place.
 D = Time resting spent in this place.
 E = Time spent auto-exploring this place.
 F = Levels seen in this place.
 G = Mean time per level.
                   A        B        C        D        E       F      G
               +--------+--------+--------+--------+--------+-----+--------+
         Total |   9668 |   9434 |    234 |   2006 |   5330 |   9 | 1074.2 |
       Dungeon |   9485 |   9293 |    192 |   2006 |   5195 |   8 | 1185.6 |
        Temple |    183 |    141 |     42 |      0 |    135 |   1 |  183.0 |
               +--------+--------+--------+--------+--------+-----+--------+

Top non-repeatable levels by time:
     D:1: 1841 daAuts
     D:5: 1776 daAuts
     D:7: 1343 daAuts
     D:4: 1217 daAuts
     D:6: 1205 daAuts
     D:2: 922 daAuts
     D:3: 870 daAuts
     D:8: 308 daAuts
  Temple: 183 daAuts
